 Dungeon Crawl Stone Soup version 0.29-a0-824-gd827844252 (webtiles) character file.

Game seed: 7459610085064673063

250 pokeman the Magician (level 5, -10/29 HPs)
             Began as a Deep Elf Hedge Wizard on July 9, 2022.
             Was an Initiate of Vehumet.
             Killed from afar by a white imp (11 damage)
             ... with a puff of frost
             ... summoned by Eustachio
             ... on level 4 of the Dungeon.
             The game lasted 00:08:24 (4570 turns).

pokeman the Magician (Deep Elf Hedge Wizard)        Turns: 4570, Time: 00:08:26

Health: -10/29     AC:  6    Str:  7      XL:     5   Next: 88%
Magic:  12/16      EV: 15    Int: 21      God:    Vehumet [......]
Gold:   312        SH:  0    Dex: 10 (14) Spells: 6/17 levels left

rFire   . . .      SeeInvis +   j - +3 dagger (drain)
rCold   . . .      Faith    .   (no shield)
rNeg    . . .      Spirit   .   c - +0 leather armour
rPois   .          Reflect  .   k - +0 helmet
rElec   .          Harm     .   o - +0 cloak
rCorr   .          Rampage  .   (no gloves)
Will    .....                   s - +0 pair of boots
Stlth   ++........              (no amulet)
HPRegen 0.09/turn               m - +4 ring of evasion
MPRegen 0.15/turn               x - ring of see invisible

@: no status effects
A: no striking features
a: Renounce Religion


You were on level 4 of the Dungeon.
You worshipped Vehumet.
Vehumet was noncommittal.
You visited 2 branches of the dungeon, and saw 6 of its levels.

You collected 312 gold pieces.

Inventory:

Hand Weapons
 j - a +3 dagger of draining (weapon)
 n - a +3 quarterstaff of chaos
Armour
 c - a +0 leather armour (worn)
 k - a +0 helmet (worn)
 o - a +0 cloak (worn)
 q - a +3 scale mail of fire resistance
 s - a +0 pair of boots (worn)
Jewellery
 m - a +4 ring of evasion (left hand)
 x - a ring of see invisible (right hand)
Wands
 p - a wand of flame (4)
Scrolls
 b - a scroll of silence {unknown}
 e - 6 scrolls of identify {unknown}
 g - a scroll of amnesia {unknown}
 h - 6 scrolls of teleportation {unknown}
 i - a scroll of enchant weapon {unknown}
 l - 2 scrolls of brand weapon {unknown}
 t - a scroll of enchant armour {unknown}
 u - a scroll of noise {unknown}
 v - a scroll of acquirement {unknown}
Potions
 a - 3 potions of curing {unknown}
 d - a potion of magic
 f - a potion of attraction {unknown}
 r - 2 potions of degeneration {unknown}
 w - a potion of resistance
 z - a potion of haste {unknown}


   Skills:
 - Level 1.1 Fighting
 - Level 1.0 Armour
 - Level 3.0 Dodging
 - Level 3.0 Stealth
 * Level 6.6 Spellcasting
 + Level 2.9 Conjurations
 - Level 1.1 Summonings
 - Level 1.1 Translocations
 - Level 1.0 Fire Magic
 + Level 0.9 Air Magic
 + Level 0.0 Poison Magic


You had 6 spell levels left.
You knew the following spells:

 Your Spells              Type           Power      Damage    Failure   Level
a - Magic Dart            Conj           76%        1d6       4%          1
b - Mephitic Cloud        Conj/Pois/Air  12%        N/A       24%         3
c - Call Imp              Summ           11%        N/A       13%         2
d - Blink                 Tloc           22%        N/A       13%         2
e - Conjure Flame         Conj/Fire      15%        6-21      17%         3

Your spell library contained the following spells:

 Spells                   Type           Power      Damage    Failure   Level
 Slow                     Hex            24%        N/A       14%         1


Dungeon Overview and Level Annotations

Branches:
Dungeon (5/15)             Temple (1/1) D:4

Altars:
Ashenzari
Elyvilon
Gozag
Makhleb
Nemelex Xobeh
Qazlal
Vehumet
Wu Jian
Xom
Zin

Shops:
D:4 *   D:5 (

Annotations:
D:4 Eustachio


Message History

The quasit disappears in a puff of smoke!
There is a stone staircase leading up here.
Eustachio hits you with a +2 rapier of protection.
You climb upwards.
The river rat disappears in a puff of smoke!
The white imp disappears in a puff of smoke!
There is a stone staircase leading down here.
Press: ? - help, v - describe, . - travel
Here: Eustachio, wielding a +2 rapier of protection and wearing a +0 leather armour (lightly wounded, unusually resistant)
The floor.
Unknown command.
Unknown command.
Eustachio attacks as you move away!
Eustachio hits you with a +2 rapier of protection.
Eustachio gestures wildly while chanting.
Eustachio blinks!
Eustachio casts a spell.
Eustachio mumbles some strange words.
The iron imp disappears in a puff of smoke!
The ufetubus disappears in a puff of smoke!
The white imp gestures at you. The puff of frost hits you.
* * * LOW HITPOINT WARNING * * *
Casting: Mephitic Cloud (quite dangerous; 24% risk of failure)
Confirm with . or Enter, or press ? or * to list all spells.
You can't see any susceptible monsters within range! (Use Z to cast anyway.) Unknown command.
Unknown command.
Unknown command.
The white imp attacks as you move away! The white imp completely misses you.
The white imp gestures at you. The puff of frost hits you.
* * * LOW HITPOINT WARNING * * *
Casting: Mephitic Cloud (quite dangerous; 24% risk of failure)
Confirm with . or Enter, or press ? or * to list all spells.
A beastly little devil appears in a puff of flame.
The white imp puffs mist at you. The white imp gestures at you.
The puff of frost hits you!
You die...

########.###########
#######.##.^......#
####.................#
..........≈≈≈≈≈......#
.###....≈≈≈≈≈≈≈≈≈....# .#
#..≈≈≈≈≈≈≈≈≈≈≈≈≈..#
.###.≈≈≈≈≈≈≈≈≈≈≈≈≈5≈.##
.....≈≈≈≈≈≈...≈≈≈≈≈≈..##
###..≈≈≈≈≈≈.>...@..@...## #
##.≈≈≈≈≈≈...≈≈≈≈5≈5<#.#########
#
#..≈≈≈≈≈≈≈≈≈≈≈≈5..............
#
#....≈≈≈≈≈≈≈≈≈.....#.##.######
# #...)..≈≈≈≈≈............#####
# #..................###......#
#####.#.#..####..##...#
##.###.#
.............>...###..#
#.###.##
#####...#.#####.####..#
#.##.#..


You could see Eustachio (resistant), a quasit (summoned), 2 white imps and a
friendly crimson imp (summoned).

Vanquished Creatures
  2 hounds
  Crazy Yiuf (D:2)
  Terence (D:3)
  Robin (D:3)
  3 gnolls (D:3)
  2 adders
  An ufetubus (D:4)
  7 orcs (D:3)
  6 endoplasms
  A giant cockroach (D:1)
  15 goblins
  5 hobgoblins
  9 kobolds
  2 quokkas
  9 ball pythons
  2 bats (D:1)
  3 frilled lizards
  5 rats
75 creatures vanquished.

Vanquished Creatures (others)
  5 plants (D:2)
5 creatures vanquished.

Grand Total: 80 creatures vanquished

Notes
Turn   | Place    | Note
-------+----------+-------------------------------------------
     0 | D:1      | pokeman the Deep Elf Hedge Wizard began the quest for the
                  | Orb.
     0 | D:1      | Reached XP level 1. HP: 10/10 MP: 7/7
   305 | D:1      | Reached XP level 2. HP: 15/15 MP: 7/9
   752 | D:1      | Reached skill level 5 in Spellcasting
   778 | D:1      | Found a faded altar of an unknown god.
   914 | D:2      | Found a runed translucent door.
   915 | D:2      | Noticed Crazy Yiuf
  1124 | D:2      | Reached XP level 3. HP: 20/20 MP: 7/11
  1128 | D:2      | Learned a level 3 spell: Mephitic Cloud
  1131 | D:2      | Learned a level 2 spell: Call Imp
  1134 | D:2      | Learned a level 2 spell: Blink
  1138 | D:2      | Learned a level 3 spell: Conjure Flame
  1778 | D:2      | Killed Crazy Yiuf
  1779 | D:2      | Reached skill level 1 in Fighting
  1779 | D:2      | Reached skill level 1 in Armour
  1918 | D:3      | Reached XP level 4. HP: 25/25 MP: 8/13
  2075 | D:3      | Noticed Robin
  2152 | D:3      | Killed Robin
  2291 | D:3      | Reached skill level 6 in Spellcasting
  2356 | D:3      | Noticed Terence
  2735 | D:3      | Found a broken altar of Ashenzari.
  2743 | D:3      | Reached XP level 5. HP: 29/29 MP: 13/15
  2940 | D:3      | Killed Terence
  3039 | D:3      | Found a stormy altar of Qazlal.
  3799 | D:4      | Found a staircase to the Ecumenical Temple.
  3814 | Temple   | Entered the Ecumenical Temple
  3822 | Temple   | Became a worshipper of Vehumet
  4020 | D:4      | Found a shimmering altar of Xom.
  4140 | D:4      | Found Plog's Assorted Antiques.
  4228 | D:4      | Found a sparkling altar of Nemelex Xobeh.
  4433 | D:5      | Entered Level 5 of the Dungeon
  4433 | D:5      | Found Ahyc's Antique Weapon Emporium.
  4452 | D:5      | Reached skill level 1 in Fire Magic
  4516 | D:5      | Noticed Eustachio
  4569 | D:4      | HP: 1/29 [white imp/puff of frost[Eustachio] (3)]
  4570 | D:4      | Killed from afar by a white imp

Illustrated notes

Levels and vault maps discovered:
D:1:      dpeg_arrival_solitude, layout_rooms,
          dreamdust_ecumenical_altar_statues
D:2:      cheibrodos_old_hovel, layout_basic, chequers_jeans,
          uniq_crazy_yiuf_cottage
D:3:      minmay_wonky_spiral, layout_basic, nicolae_ashenzari_panopticon,
          lemuel_tele_altar, uniq_robin, uniq_terence
D:4:      layout_loops_ring, mainiacjoe_overflow_24_doors,
          mainiacjoe_overflow_surrounded_room, temple_pool_b, serial_shops,
          kennysheep_mini_moat
D:5:      cheibrodos_thug_alley, layout_basic, nicolae_tso_swordbearing_angel,
          serial_shops, nicolae_stop_n_shop_2, minmay_misc_feat_tower,
          uniq_duvessa, uniq_eustachio
Temple:   nicolae_temple_bog_church

Skill      XL: |  1  2  3  4  5 |
---------------+----------------+-----
Spellcasting   | 5 6 |  6.6
Fighting       | 1 |  1.1
Armour         | 1 |  1.0
Conjurations   | 2 |  2.9
Dodging        | 3 |  3.0
Stealth        | 3 |  3.0
Fire Magic     | 1 |  1.0
Summonings     | |  1.1
Translocations | |  1.1
Air Magic      | |  0.9

Action                   |  1- 3 |  4- 6 || total
-------------------------+-------+-------++-------
Melee: Dagger            |     1 |    19 ||    20
 Cast: Magic Dart        |    75 |   112 ||   187
       Mephitic Cloud    |     1 |     2 ||     3
       Call Imp          |     1 |     2 ||     3
       Conjure Flame     |     1 |     2 ||     3
       Blink             |       |     1 ||     1
 Stab: Sleeping          |     1 |       ||     1
       Confused          |       |     1 ||     1
Armor: Leather armour    |       |    19 ||    19
Dodge: Dodged            |     2 |    49 ||    51

Table legend: (Time is in decaauts)
 A = Elapsed time spent in this place.
 B = Non-inter-level travel time spent in this place.
 C = Inter-level travel time spent in this place.
 D = Time resting spent in this place.
 E = Time spent auto-exploring this place.
 F = Levels seen in this place.
 G = Mean time per level.
                   A        B        C        D        E       F      G
               +--------+--------+--------+--------+--------+-----+--------+
         Total |   4572 |   4460 |    112 |    656 |   3199 |   6 |  762.0 |
       Dungeon |   4557 |   4450 |    107 |    656 |   3198 |   5 |  911.4 |
        Temple |     14 |      9 |      5 |      0 |      1 |   1 |   14.0 |
               +--------+--------+--------+--------+--------+-----+--------+

Top non-repeatable levels by time:
     D:3: 1351 daAuts
     D:2: 1317 daAuts
     D:1: 1049 daAuts
     D:4: 715 daAuts
     D:5: 124 daAuts
  Temple: 14 daAuts
